 Dungeon Crawl Stone Soup version 0.31-a0-853-gc9b61b78f7 (webtiles) character file.

Game seed: 13997335323754592282

984 CrazyBamboolord the Trooper (level 8, -2/87 HPs)
             Began as an Ogre Fighter on Oct 8, 2023.
             Was an Initiate of Yredelemnul.
             Slain by Pikel
             ... wielding a +1 whip of flaming
              (3 damage)
             ... on level 5 of the Dungeon.
             The game lasted 00:09:05 (5062 turns).

CrazyBamboolord the Trooper (Ogre Fighter)          Turns: 5062, Time: 00:09:05

Health: -2/87      AC:  3    Str: 29    XL:     8   Next: 17%
Magic:  9/9        EV:  9    Int:  9    God:    Yredelemnul [......]
Gold:   275        SH:  8    Dex:  8    Spells: 7/7 levels left

rFire   . . .        a - +0 war axe
rCold   . . .        c - +0 kite shield
rNeg    . . .        b - +0 robe
rPois   .            (helmet restricted)
rElec   .            n - scarf {repulsion}
rCorr   .            (gloves unavailable)
SInv    .            (boots unavailable)
Will    .....        (no amulet)
Stlth   +            q - +6 ring of strength
HPRegen 0.34/turn    (no ring)
MPRegen 0.11/turn

%: repel missiles
@: no status effects
A: large, unfitting armour, tough skin 1
a: Renounce Religion, Recall Undead Harvest


You were on level 5 of the Dungeon.
You worshipped Yredelemnul.
Yredelemnul was noncommittal.
You visited 1 branch of the dungeon, and saw 5 of its levels.

You collected 275 gold pieces.

Inventory:

Hand Weapons
 a - a +0 war axe (weapon)
Armour
 b - a +0 robe (worn)
 c - a +0 kite shield (worn)
 n - a scarf of repulsion (worn)
Jewellery
 q - a +6 ring of strength (left hand)
Wands
 p - a wand of light (3)
 u - a wand of flame (16)
Scrolls
 d - a scroll of enchant weapon {unknown}
 g - a scroll of poison
 h - 2 scrolls of immolation
 k - a scroll of revelation
 o - a scroll of teleportation {unknown}
 s - a scroll of enchant armour {unknown}
 t - a scroll of blinking {unknown}
Potions
 e - a potion of haste {unknown}
 f - a potion of lignification
 i - 2 potions of enlightenment
 j - 2 potions of berserk rage
 l - 2 potions of heal wounds {unknown}
 m - a potion of cancellation {unknown}
 r - 2 potions of degeneration {unknown}


   Skills:
 * Level 7.0 Fighting
 * Level 4.7 Axes
 * Level 4.8 Dodging
 * Level 5.3 Shields
 + Level 2.3 Invocations


You had 7 spell levels left.
You didn't know any spells.
Your spell library contained the following spells:

 Spells                   Type           Power      Damage    Failure   Level
 Necrotise                Necr           0%         1d4       58%         1
 Summon Small Mammal      Summ           0%         N/A       58%         1
 Sublimation of Blood     Necr           0%         N/A       73%         2
 Wereblood                Tmut           0%         N/A       73%         2
 Call Canine Familiar     Summ           0%         N/A       91%         3
 Summon Guardian Golem    Hex/Summ       0%         N/A       91%         3
 Vampiric Draining        Necr           0%         2d6       91%         3
 Agony                    Necr           0%         N/A       100%        5
 Summon Hydra             Summ           0%         N/A       100%        7
 Chain Lightning          Conj/Air       0%         N/A       100%        9
 Fire Storm               Conj/Fire      0%         5d1       100%        9
 Shatter                  Erth           0%         3d5*      100%        9


Dungeon Overview and Level Annotations

Branches:
Dungeon (5/15)
 Temple: D:4-7

Altars:
Okawaru
Yredelemnul

Annotations:
D:5 Pikel


Innate Abilities, Weirdness & Mutations

You are too large for most types of armour.
You have tough skin. (AC +1)


Message History

The lemure hits your black bear zombie. You block Pikel's attack.
Your black bear zombie misses the lemure.
Your black bear zombie claws the lemure but does no damage.
Your black bear zombie completely misses the lemure.
The lemure hits your black bear zombie!
You hit Pikel.
Pikel is heavily wounded.
You hit the lemure. You hit the lemure but do no damage. You hit the lemure.
The lemure hits your black bear zombie!
Your black bear zombie is destroyed!
The lemure hits you.
Pikel hits you with a +1 whip of flaming.
Pikel burns you. The lemure barely misses you.
The lemure hits you but does no damage.
Pikel hits you with a +1 whip of flaming.
* * * LOW HITPOINT WARNING * * *
Pikel burns you.
* * * LOW HITPOINT WARNING * * *
You block the lemure's attack.
You barely miss Pikel.
Pikel is heavily wounded.
You closely miss the lemure. You hit the lemure. You barely miss the lemure.
You closely miss the lemure. You block the lemure's attack.
The lemure hits you!
* * * LOW HITPOINT WARNING * * *
The lemure hits you!
* * * LOW HITPOINT WARNING * * *
You block Pikel's attack. You block the lemure's attack.
The lemure barely misses you.
You hit Pikel but do no damage.
Pikel is heavily wounded.
You hit the lemure. You slash the lemure! You barely miss the lemure.
You hit the lemure. The lemure hits you.
* * * LOW HITPOINT WARNING * * *
The lemure hits you.
* * * LOW HITPOINT WARNING * * *
Pikel hits you with a +1 whip of flaming.
You die...
Pikel says, "See you in Hell!"
Your body rises from the dead as a mindless zombie.

..>.##......##.....#
######.......'.....##
....##......##......#
....##......##......#
............##.....##
............##.....#
...................##
....##..............#
#+####......##.5@5..#
####'##.5K5..#
............#
....##...#### ...
#...# ## #...# #...+
'...# .#'###


You could see Pikel and 4 lemures.

Vanquished Creatures
  Sigmund (D:2)
  Eustachio (D:5)
  Menkaure (D:4)
  Duvessa (D:4)
  A black bear (D:5)
  Dowan (D:4)
  5 adders
  An ufetubus (D:5)
  2 orcs (D:3)
  5 bats
  5 endoplasms
  2 giant cockroaches (D:3)
  6 goblins
  10 hobgoblins
  15 jackals
  4 quokkas
  4 ball pythons
  A frilled lizard (D:2)
  5 kobolds
  5 rats
76 creatures vanquished.

Vanquished Creatures (collateral kills)
  A black bear (D:4)
  A jelly (D:2)
  Ijyb (D:3)
  A sleepcap (D:5)
  2 endoplasms
  A goblin (D:3)
  A bat (D:3)
  A frilled lizard (D:1)
9 creatures vanquished.

Vanquished Creatures (others)
  A black bear zombie (D:5)
  A ball python zombie (D:1)
  2 endoplasm zombies (D:3)
  2 goblin zombies (D:3)
  A hobgoblin zombie (D:3)
  2 jackal zombies (D:2)
  A quokka zombie (D:4)
10 creatures vanquished.

Grand Total: 95 creatures vanquished

Notes
Turn   | Place    | Note
-------+----------+-------------------------------------------
     0 | D:1      | CrazyBamboolord the Ogre Fighter began the quest for the
                  | Orb.
     0 | D:1      | Reached XP level 1. HP: 24/24 MP: 1/1
    15 | D:1      | Found a faded altar of an unknown god.
    40 | D:1      | Prayed at the altar of an unknown god.
    40 | D:1      | Became a worshipper of Yredelemnul the Dark
    40 | D:1      | Reached * piety under Yredelemnul
    66 | D:1      | Reached XP level 2. HP: 32/32 MP: 2/2
   365 | D:1      | Reached ** piety under Yredelemnul
   884 | D:2      | Noticed Sigmund
   892 | D:2      | Killed Sigmund
   893 | D:2      | Reached skill level 5 in Fighting
   893 | D:2      | Reached XP level 3. HP: 24/42 MP: 0/3
   893 | D:2      | Reached XP level 4. HP: 28/50 MP: 0/4
   893 | D:2      | Reached XP level 5. HP: 32/57 MP: 0/5
  1034 | D:2      | Found an iron altar of Okawaru.
  1407 | D:2      | Reached XP level 6. HP: 61/66 MP: 6/6
  2381 | D:3      | Noticed Ijyb
  2393 | D:3      | Killed Ijyb
  3043 | D:4      | Noticed Dowan
  3044 | D:4      | Noticed Duvessa
  3057 | D:4      | Killed Duvessa
  3057 | D:4      | Killed Dowan
  3058 | D:4      | Reached skill level 6 in Fighting
  3058 | D:4      | Reached skill level 1 in Invocations
  3058 | D:4      | Reached XP level 7. HP: 37/75 MP: 6/8
  3914 | D:4      | Noticed Menkaure
  3922 | D:4      | Killed Menkaure
  4540 | D:5      | Entered Level 5 of the Dungeon
  4593 | D:5      | Noticed Eustachio
  4609 | D:5      | Killed Eustachio
  4610 | D:5      | Reached skill level 5 in Shields
  4610 | D:5      | Reached XP level 8. HP: 64/84 MP: 9/9
  4717 | D:5      | Reached skill level 7 in Fighting
  5047 | D:5      | Noticed Pikel
  5062 | D:5      | HP: 1/87 [lemure[Pikel] (4)]
  5062 | D:5      | Slain by Pikel

Illustrated notes

Levels and vault maps discovered:
D:1:      dpeg_arrival_long_road, layout_basic, basic_ecumenical_altar
D:2:      layout_basic, basic_altar, serial_aquarium, aquarium_bridge_square
          [aquarium_subvault_bridge, aquarium_subvault_balcony,
          aquarium_subvault_bridge, aquarium_subvault_bridge],
          aquarium_bridge_straight [aquarium_subvault_bridge,
          aquarium_subvault_window, aquarium_subvault_bridge,
          aquarium_subvault_window], aquarium_window_corner,
          aquarium_window_fake, aquarium_window_3, aquarium_view_2c,
          aquarium_pool_1, dk_noncrumbling_3, uniq_sigmund
D:3:      layout_basic, kennysheep_generic_room_16, uniq_ijyb
D:4:      layout_layer_cave, uniq_duvessa, uniq_menkaure
D:5:      layout_gridville, uniq_eustachio, uniq_pikel

Skill      XL: |  1  2  3  4  5  6  7  8 |
---------------+-------------------------+-----
Fighting       | 5 6 7 |  7.0
Axes           | 3 4 |  4.7
Dodging        | 3 4 |  4.8
Shields        | 4 5 |  5.3
Invocations    | 1 2 |  2.3

Action                     |  1- 3 |  4- 6 |  7- 9 || total
---------------------------+-------+-------+-------++-------
  Melee: War axe           |    48 |   178 |    56 ||   282
 Invoke: Recall Undead Har |     1 |       |       ||     1
         Dark Bargain      |       |     1 |       ||     1
    Use: Potion            |       |     1 |       ||     1
         Scroll            |       |       |     6 ||     6
   Stab: Distracted        |       |     1 |       ||     1
 Armour: Robe              |    35 |   113 |    92 ||   240
  Dodge: Dodged            |    23 |    83 |    46 ||   152
         Repelled          |       |     1 |       ||     1
  Block: Kite shield       |    27 |    87 |    39 ||   153

Table legend: (Time is in decaauts)
 A = Elapsed time spent in this place.
 B = Non-inter-level travel time spent in this place.
 C = Inter-level travel time spent in this place.
 D = Time resting spent in this place.
 E = Time spent auto-exploring this place.
 F = Levels seen in this place.
 G = Mean time per level.
                   A        B        C        D        E       F      G
               +--------+--------+--------+--------+--------+-----+--------+
         Total |   5185 |   5049 |    136 |    100 |   4223 |   5 | 1037.0 |
       Dungeon |   5185 |   5049 |    136 |    100 |   4223 |   5 | 1037.0 |
               +--------+--------+--------+--------+--------+-----+--------+

Top non-repeatable levels by time:
     D:4: 1517 daAuts
     D:2: 1200 daAuts
     D:3: 1059 daAuts
     D:1: 876 daAuts
     D:5: 533 daAuts
